 Dungeon Crawl Stone Soup version 0.22.1-2-g9c5b331383 (webtiles) character file.

229 McIrco the Sneak (level 5, -12/41 HPs)
             Began as a Vampire Assassin on Jan 6, 2019.
             Mangled by an ogre
             ... wielding a +0 giant club
              (13 damage)
             ... on level 6 of the Dungeon.
             The game lasted 00:04:58 (4519 turns).

McIrco the Sneak (Vampire Assassin)                 Turns: 4519, Time: 00:05:00

Health: -12/41     AC:  3    Str: 10    XL:     5   Next: 71%
Magic:  5/5        EV: 14    Int: 13    God:
Gold:   50         SH:  0    Dex: 17    Spells: 4/4 levels left

rFire    . . .     SeeInvis +   a - +2 dagger
rCold    + + .     Gourm    .   (no shield)
rNeg     + + +     Faith    .   c - +0 robe
rPois    ∞         Spirit   .   (no helmet)
rElec    .         Reflect  .   d - +0 cloak
rCorr    .         Harm     .   (no gloves)
MR       .....                  (no boots)
Stlth    ++++++....             (no amulet)
HPRegen  0.00/turn              (no ring)
MPRegen  0.09/turn              (no ring)

@: bloodless, non-regenerating, slowed, very slow
A: fangs 3, see invisible, unbreathing
a: Bat Form


You were on level 6 of the Dungeon.
You were bloodless.

You visited 1 branch of the dungeon, and saw 6 of its levels.

You collected 50 gold pieces.

Inventory:

Hand Weapons
 a - a +2 dagger (weapon)
 b - a +0 blowgun
Missiles
 e - 20 poisoned needles
 f - 2 curare-tipped needles
Armour
 c - a +0 robe (worn)
 d - a +0 cloak (worn)
 q - a cursed +0 pair of gloves
Jewellery
 o - an uncursed ring of wizardry {unknown}
Wands
 p - a wand of digging (9)
Potions
 g - 16 potions of blood
 i - a potion of heal wounds {unknown}
 l - 3 potions of flight {unknown}
 m - a potion of lignification {unknown}
 n - a potion of degeneration {unknown}


   Skills:
 - Level 3.0 Fighting
 - Level 3.0 Short Blades
 + Level 1.7 Throwing
 + Level 4.2 Dodging
 - Level 7.0 Stealth


You had 4 spell levels left.
You didn't know any spells.
Your spell library was empty.

Dungeon Overview and Level Annotations

Branches:
Dungeon (6/15)
 Temple: D:4-7

Altars:
Fedhas


Innate Abilities, Weirdness & Mutations

You do not heal naturally.
You are immune to poison.
You have razor-sharp teeth.
You have supernaturally acute eyesight. (SInv)
You can survive without breathing.


Message History

The orc wizard blinks!
The centaur shouts!
The centaur wields a glowing shortbow.
It bursts into flame!
The centaur shoots an arrow.
The arrow hits you! The arrow burns you. The ogre closely misses you.
You see here an arrow.
The centaur shoots an arrow.
The arrow hits you. The arrow burns you.
* * * LOW HITPOINT WARNING * * *
The orc wizard mumbles some strange words.
The orc wizard blinks!
The centaur shoots an arrow.
The arrow closely misses you.
You see here an arrow.
The centaur shoots an arrow.
The arrow barely misses you.
The centaur shoots an arrow.
The arrow hits you!
* * * LOW HITPOINT WARNING * * *
The arrow burns you.
* * * LOW HITPOINT WARNING * * *
The orc wizard casts a spell.
The orc wizard blinks!
The ogre hits you with a giant club!
You die...

.........##..# ..(.#
....>.......## #......
.........#§..##......#
.....c..............##
.........###.#####?..
.........# #(## ...
.........###..##.#
......$..##§.....#
.....<.@O(.§#.####
#.....o.(####)o.#####
#####.#### #........)
...(......##.#####
....######## ... ####
####


You could see an ogre, a centaur and an orc wizard.

Vanquished Creatures
  A centaur (D:5)
  A hound (D:5)
  An orc wizard (D:6)
  A hound skeleton (D:4)
  A howler monkey zombie (D:5)
  2 adders
  3 leopard geckos
  9 orcs
  4 bats
  A giant cockroach (D:2)
  8 goblins
  4 hobgoblins
  2 quokkas (D:4)
  4 frilled lizards
  4 kobolds
  2 rats
48 creatures vanquished.

Notes
Turn   | Place    | Note
-------+----------+-------------------------------------------
     0 | D:1      | McIrco the Vampire Assassin began the quest for the Orb.
     0 | D:1      | Reached XP level 1. HP: 16/16 MP: 1/1
  2137 | D:1      | Reached skill level 6 in Stealth
  2317 | D:1      | Reached XP level 2. HP: 15/22 MP: 2/2
  2841 | D:2      | Found a blossoming altar of Fedhas.
  2901 | D:2      | Reached XP level 3. HP: 11/27 MP: 3/3
  3428 | D:3      | Reached skill level 7 in Stealth
  4255 | D:4      | Reached XP level 4. HP: 29/33 MP: 4/4
  4285 | D:5      | Entered Level 5 of the Dungeon
  4288 | D:5      | Noticed a centaur
  4296 | D:5      | Killed a centaur
  4296 | D:5      | Reached XP level 5. HP: 41/41 MP: 5/5
  4440 | D:5      | Noticed an ogre
  4479 | D:6      | Noticed a centaur
  4484 | D:6      | Noticed a phantom
  4501 | D:6      | Noticed an ogre
  4519 | D:6      | HP: 1/41 [centaur/arrow (3)]
  4519 | D:6      | Mangled by an ogre

Skill      XL: |  1  2  3  4  5 |
---------------+----------------+-----
Stealth        | 6 7 |  7.0
Fighting       | 2 3 |  3.0
Short Blades   | 3 |  3.0
Dodging        | 2 4 |  4.2
Throwing       | |  1.7

Action                   |  1- 3 |  4- 6 || total
-------------------------+-------+-------++-------
Melee: Dagger            |   102 |    37 ||   139
       Bite              |    10 |     7 ||    17
  Use: Potion            |     2 |       ||     2
       Scroll            |       |     3 ||     3
 Stab: Sleeping          |    14 |     4 ||    18
  Eat: Corpse            |     1 |       ||     1
Armor: Robe              |    14 |     2 ||    16
Dodge: Dodged            |    51 |    20 ||    71
